 Dungeon Crawl Stone Soup version 0.15.1 (webtiles) character file.

3507 in250t the Conjurer (level 9, -4/62 HPs)
             Began as a Demigod Conjurer on Sept 17, 2014.
             Slain by a hill giant zombie (7 damage)
             ... on Level 8 of the Dungeon.
             The game lasted 00:35:29 (10391 turns).

in250t the Conjurer (Demigod Conjurer)             Turns: 10391, Time: 00:35:29

HP  -4/62        AC  3     Str 12      XL: 9   Next: 51%
MP   5/23        EV 15     Int 22      God:
Gold 460         SH  0     Dex 19      Spells:  3 memorised,  7 levels left

rFire  . . .     SeeInvis .     m - +0 short sword (drain)
rCold  . . .     Clarity  .     a - +0 robe
rNeg   . . .     rCorr    .     (no shield)
rPois  .         rRot     .     (no helmet)
rElec  .         Spirit   .     (no cloak)
SustAb .         Warding  .     n - +0 pair of gloves
rMut   .         Stasis   .     (no boots)
Gourm  .                        B - cursed amulet of faith
MR     .....                    (no ring)
                                (no ring)

@: very slightly contaminated, not resistant to hostile enchantments, unstealthy
A: no striking features
a: no special abilities


You were on level 8 of the Dungeon.
You were not hungry.

You visited 1 branch of the dungeon, and saw 8 of its levels.

You collected 460 gold pieces.

Inventory:

Hand weapons
 m - a +0 short sword of draining (weapon)
Armour
 a - a +0 robe (worn)
 n - a +0 pair of gloves (worn)
Magical devices
 x - a wand of slowing (14) {unknown}
 F - a wand of random effects (8) {unknown}
 G - a wand of draining (4) {unknown}
 H - a wand of frost (9) {unknown}
 M - a wand of magic darts (10)
Comestibles
 b - 2 bread rations
 h - a royal jelly
 I - a meat ration
Scrolls
 f - 7 scrolls of remove curse {unknown}
 i - 4 scrolls of immolation {unknown}
 j - 6 scrolls of identify {unknown}
 k - 2 scrolls of fear {unknown}
 p - 2 scrolls of noise {unknown}
 q - 2 scrolls of fog {unknown}
 t - 3 scrolls of recharging {unknown}
 y - 2 scrolls of magic mapping {unknown}
 z - a scroll of amnesia {unknown}
 D - a scroll of enchant weapon {unknown}
 E - 2 scrolls of teleportation {unknown}
Jewellery
 B - a cursed amulet of faith (around neck)
 J - an uncursed ring of flight {unknown}
Potions
 d - 4 potions of haste {unknown}
 e - 3 potions of confusion {unknown}
 g - a potion of brilliance {unknown}
 l - a potion of resistance {unknown}
 o - 2 potions of invisibility {unknown}
 r - 3 potions of flight {unknown}
 s - a potion of agility {unknown}
 u - a potion of berserk rage {unknown}
 v - 3 potions of curing {unknown}
 A - 2 potions of cure mutation {unknown}
 C - a potion of restore abilities {unknown}
Books
 c - a book of Conjurations

   Spells                             Type                      Level
   *Magic Dart                        Conjuration                  1
   Searing Ray                        Conjuration                  2
   Dazzling Spray                     Conjuration/Hexes            3
   Fulminant Prism                    Conjuration/Hexes            4
   *Iskenderun's Mystic Blast         Conjuration                  4
   *Iskenderun's Battlesphere         Conjuration/Charms           5
 w - a book of the Earth

   Spells                             Type                      Level
   Leda's Liquefaction                Hexes/Earth                  4
   Bolt of Magma                      Conjuration/Fire/Earth       5
   Statue Form                        Transmutation/Earth          6
   Iron Shot                          Conjuration/Earth            6
   Shatter                            Earth                        9
 K - a book of Cantrips

   Spells                             Type                      Level
   Corona                             Hexes                        1
   Animate Skeleton                   Necromancy                   1
   Summon Small Mammal                Summoning                    1
   Apportation                        Translocation                1
 N - a book of Air

   Spells                             Type                      Level
   Shock                              Conjuration/Air              1
   Swiftness                          Charms/Air                   2
   Repel Missiles                     Charms/Air                   2
   Flight                             Charms/Air                   3
   Static Discharge                   Conjuration/Air              3
   Lightning Bolt                     Conjuration/Air              5


   Skills:
 - Level 4.6 Dodging
 - Level 1.7 Stealth
 + Level 4.6 Spellcasting
 - Level 10.0 Conjurations
 - Level 6.0 Charms


You had 7 spell levels left.
You knew the following spells:

 Your Spells              Type           Power        Failure   Level  Hunger
a - Magic Dart            Conj           ####         1%          1    None
b - Iskenderun's Mystic   Conj           #####...     1%          4    ####...
c - Iskenderun's Battles  Conj/Chrm      #####...     12%         5    #####..


Dungeon Overview and Level Annotations

Branches:
Dungeon (8/15)             Temple (0/1) D:7
   Lair: D:8-11

Shops:
D:4 (   D:7 (

Annotations:
D:4 Pikel


Message History

Aim: a hill giant zombie The magic dart hits the hill giant zombie.
Casting: Magic Dart
Confirm with . or Enter, or press ? or * to list all spells.
Aiming: Magic Dart
Press: ? - help, Shift-Dir - straight line, f/p - hill giant zombie
Aim: a hill giant zombie The magic dart hits the hill giant zombie.
The hill giant zombie hits you!!
* * * LOW HITPOINT WARNING * * *
Casting: Magic Dart
Confirm with . or Enter, or press ? or * to list all spells.
Aiming: Magic Dart
Press: ? - help, Shift-Dir - straight line, f/p - hill giant zombie
Aim: a hill giant zombie The magic dart hits the hill giant zombie.
The hill giant zombie hits you but does no damage.
Unknown command.
The hill giant zombie hits you!
You die...

.##...####
###..##.......####.
..#)..# #..
#..###'##.......#
..)...# +..
#.......'.......'
.)#...# . #..
#.......#.......#
..#...+ ... #..
+.......#.......#
..#...# ....#..
#.......#.......#
..##..#
......########.#.......#
...####
#..Z..#####.###'##'##
...#
#...@.'.............(
...#
#.....#............((
...#
#.....###############
#### #######


You could see a hill giant zombie.

Vanquished Creatures
  A hydra skeleton (D:8)
  Eustachio (D:8)
  A hungry ghost (D:8)
  Edmund (D:4)
  Menkaure (D:6)
  An orc warrior (D:7)
  A sky beast (D:5)
  2 phantoms
  2 black bears
  3 slaves (D:4)
  An ice beast (D:6)
  A centaur (D:7)
  2 ogres
  2 big kobolds (D:8)
  Blork the orc (D:4)
  6 giant frogs
  2 scorpions (D:7)
  3 wights (D:7)
  A crimson imp (D:5)
  A gnoll shaman (D:8)
  2 centaur zombies
  2 goliath beetles (D:6)
  2 jellies
  5 hounds
  A quasit (D:6)
  A two-headed ogre skeleton (D:6)
  2 orc wizards
  8 worker ants
  2 iguanas
  6 gnolls (D:8)
  A green rat (D:5)
  An orc skeleton (D:7)
  10 adders
  2 giant mites
  4 worms
  An adder zombie (D:5)
  6 giant geckos
  An ooze (D:1)
  13 orcs
  A bat skeleton (D:5)
  7 giant cockroaches
  9 hobgoblins
  4 jackals
  5 quokkas
  A ball python (D:4)
  13 bats
  A giant spore (D:7)
  8 goblins
  A goblin zombie (D:6)
  3 hobgoblin zombies (D:6)
  27 kobolds
  2 kobold skeletons (D:6)
  3 kobold zombies (D:6)
  An orc zombie (D:6)
  16 rats
  A rat skeleton (D:7)
  3 ballistomycetes (D:7)
210 creatures vanquished.

Vanquished Creatures (others)
  4 fungi (D:4)
4 creatures vanquished.

Grand Total: 214 creatures vanquished

Notes
Turn   | Place    | Note
--------------------------------------------------------------
     0 | D:1      | in250t, the Demigod Conjurer, began the quest for the Orb.
     0 | D:1      | Reached XP level 1. HP: 14/14 MP: 3/3
   815 | D:1      | Reached XP level 2. HP: 20/20 MP: 2/5
  1702 | D:2      | Found a blossoming altar of Fedhas.
  1749 | D:2      | Reached skill level 4 in Conjurations
  1819 | D:2      | Reached XP level 3. HP: 26/26 MP: 1/8
  1966 | D:2      | Found a bloodstained altar of Trog.
  2344 | D:2      | Reached skill level 5 in Conjurations
  2344 | D:2      | Reached XP level 4. HP: 33/33 MP: 1/10
  2663 | D:2      | Found a deep blue altar of Sif Muna.
  2823 | D:2      | Found a glowing silver altar of Zin.
  2950 | D:3      | Found an iron altar of Okawaru.
  3738 | D:4      | Noticed Blork the orc
  3747 | D:4      | Killed Blork the orc
  3747 | D:4      | Reached skill level 6 in Conjurations
  3747 | D:4      | Reached XP level 5. HP: 13/38 MP: 1/12
  3753 | D:4      | Learned a level 4 spell: Iskenderun's Mystic Blast
  3981 | D:4      | Noticed a phantom
  3994 | D:4      | Killed a phantom
  4121 | D:4      | Noticed Edmund
  4136 | D:4      | Killed Edmund
  4136 | D:4      | Reached XP level 6. HP: 28/45 MP: 1/18
  4373 | D:4      | Learned a level 5 spell: Iskenderun's Battlesphere
  4560 | D:4      | Found Baducib's Antique Weapon Boutique.
  4725 | D:4      | Reached skill level 1 in Charms
  4776 | D:4      | Reached XP level 7. HP: 50/50 MP: 15/20
  4797 | D:4      | Noticed a slave
  4797 | D:4      | Noticed a slave
  4802 | D:4      | Killed a slave
  4803 | D:4      | Noticed a slave
  4803 | D:4      | Killed a slave
  4902 | D:4      | Killed a slave
  4906 | D:4      | Noticed Pikel
  4934 | D:4      | Noticed a slave
  4937 | D:5      | Entered Level 5 of the Dungeon
  4964 | D:5      | Found a sparkling altar of Nemelex Xobeh.
  6026 | D:6      | Reached skill level 5 in Charms
  6229 | D:6      | Noticed Menkaure
  6236 | D:6      | Killed Menkaure
  6292 | D:6      | Found a glowing golden altar of the Shining One.
  6296 | D:6      | Reached XP level 8. HP: 57/57 MP: 9/21
  6818 | D:6      | Found a shimmering altar of Xom.
  7097 | D:6      | Reached skill level 7 in Conjurations
  7691 | D:7      | Reached skill level 8 in Conjurations
  8349 | D:7      | Found a staircase to the Ecumenical Temple.
  8572 | D:7      | Found a shattered altar of Ashenzari.
  8688 | D:7      | Reached skill level 9 in Conjurations
  8940 | D:7      | Reached XP level 9. HP: 54/62 MP: 10/23
  9378 | D:7      | Found Twurchuysm's Antique Weapon Shoppe.
  9521 | D:8      | Reached skill level 10 in Conjurations
  9592 | D:8      | Noticed Eustachio
  9600 | D:8      | Killed Eustachio
  9650 | D:8      | Found a shadowy altar of Dithmenos.
 10389 | D:8      | HP: 3/62 [hill giant zombie (24)]
 10391 | D:8      | Slain by a hill giant zombie

Action                   |  1- 3 |  4- 6 |  7- 9 || total
-------------------------+-------+-------+-------++-------
Melee: Short sword       |     1 |     4 |    33 ||    38
 Cast: Magic Dart        |    78 |   130 |   374 ||   582
       Iskenderun's Myst |       |       |    17 ||    17
       Iskenderun's Batt |       |       |    34 ||    34
  Eat: Bread ration      |     1 |       |     3 ||     4
       Chunk             |       |     8 |    19 ||    27
